 Dungeon Crawl Stone Soup version 0.30-a0-738-g116ff8c4af (webtiles) character file.

Game seed: 5035252537914704806

215 voltaire321 the Sneak (level 5, -1/41 HPs)
             Began as a Merfolk Brigand on Feb 3, 2023.
             Slain by a black bear (2 damage)
             ... on level 6 of the Dungeon.
             The game lasted 00:09:25 (2528 turns).

voltaire321 the Sneak (Merfolk Brigand)             Turns: 2528, Time: 00:09:26

Health: -1/41      AC:  3    Str: 12    XL:     5   Next: 92%
Magic:  5/5        EV: 13    Int: 10    God:
Gold:   63         SH:  0    Dex: 17    Spells: 4/4 levels left

rFire   . . .      SeeInvis .    a - +2 dagger
rCold   . . .      Faith    .    (no shield)
rNeg    . . .      Spirit   .    b - +0 robe
rPois   +          Reflect  .    (no helmet)
rElec   .          Harm     .    c - +0 cloak
rCorr   .          Rampage  .    (no gloves)
Will    .....                    (no boots)
Stlth   +++                      (no amulet)
HPRegen 0.26/turn                s - ring of poison resistance
MPRegen 0.09/turn                (no ring)

@: no status effects
A: (nimble swimmer 2), mertail
a: no special abilities


You were on level 6 of the Dungeon.
You visited 1 branch of the dungeon, and saw 4 of its levels.

You collected 96 gold pieces.
You spent 33 gold pieces at shops.

Inventory:

Hand Weapons
 a - a +2 dagger (weapon)
 n - a +0 rapier
Armour
 b - a +0 robe (worn)
 c - a +0 cloak (worn)
Magical Staves
 h - a staff of air
Jewellery
 s - a ring of poison resistance (left hand)
Scrolls
 f - a scroll of vulnerability {unknown}
 g - a scroll of acquirement {unknown}
 i - a scroll of noise {unknown}
 j - 2 scrolls of enchant armour {unknown}
 k - a scroll of silence {unknown}
 l - a scroll of fog {unknown}
 m - 3 scrolls of identify
 o - a scroll of blinking {unknown}
 q - a scroll of fear {unknown}
 r - 2 scrolls of magic mapping {unknown}
 v - 3 scrolls of immolation {unknown}
 w - a scroll of teleportation
Potions
 p - a potion of might
 u - 2 potions of heal wounds


   Skills:
 + Level 3.4 Fighting
 + Level 3.7 Short Blades
 + Level 3.1 Throwing
 + Level 0.5 Armour
 + Level 3.3 Dodging
 + Level 5.2 Stealth


You had 4 spell levels left.
You didn't know any spells.
Your spell library contained the following spells:

 Spells                   Type           Power      Damage    Failure   Level
 Manifold Assault         Tloc           0%         N/A       98%         4
 Dispersal                Tloc           0%         N/A       100%        6
 Disjunction              Tloc           0%         N/A       100%        8


Dungeon Overview and Level Annotations

Branches:
Dungeon (3/15)

Altars:
Fedhas
Okawaru
The Shining One

Shops:
D:6 ?


Innate Abilities, Weirdness & Mutations

((You are very nimble when in or above water. (Stealth+, EV+, Speed+++)))
Your lower body shifts to a powerful aquatic tail in water.


Message History

The ufetubus hits you. x2
You barely miss the ufetubus.
The ufetubus is severely wounded.
The ufetubus misses you. The ufetubus barely misses you.
The ufetubus closely misses you. The ufetubus barely misses you.
You hit the ufetubus.
You kill the ufetubus!
You hit the black bear but do no damage.
The black bear is severely wounded.
The black bear closely misses you. The black bear claws you. x2
Throw: dart (curare)
Press: ? - help, Q - select action Shift-Dir - straight line, f - black bear
Aim: a black bear (heavily wounded, poisoned, 69% to hit)
You throw a curare-tipped dart.
The curare-tipped dart barely misses the black bear.
You completely miss the black bear.
The black bear is severely wounded.
The black bear bites you!
* * * LOW HITPOINT WARNING * * *
The black bear claws you but does no damage.
The black bear closely misses you.
You completely miss the black bear.
The black bear is severely wounded.
The black bear bites you but does no damage.
The black bear claws you.
* * * LOW HITPOINT WARNING * * *
The black bear closely misses you.
You completely miss the black bear.
The black bear is severely wounded.
The black bear goes berserk!
You hit the black bear.
The black bear is severely wounded.
The black bear looks more healthy.
The black bear bites you but does no damage.
The black bear misses you. The black bear claws you.
* * * LOW HITPOINT WARNING * * *
You hit the black bear.
The black bear is severely wounded.
The black bear bites you.
You die...

............#
.>..........#
###........## #
###....##.#
###### . #
####### ### #
##.#⌠#.###_# #
##8.#.#.#.#@#
#.......(.h.#
#........(...#
##.8.#.#.#.#._#
##.>#.#_#####.##
##...##### ###
##........#
##.........#
#.........##


You could see a black bear (berserk).

Vanquished Creatures
  A jelly (D:6)
  2 iguanas (D:6)
  4 adders
  4 gnolls
  An ufetubus (D:6)
  A worm (D:2)
  An orc (D:3)
  6 bats
  5 endoplasms
  2 giant cockroaches (D:1)
  A goblin (D:1)
  8 hobgoblins
  4 quokkas
  6 ball pythons
  4 frilled lizards
  3 kobolds
  3 rats
56 creatures vanquished.

Vanquished Creatures (others)
  A plant (D:1)
1 creature vanquished.

Grand Total: 57 creatures vanquished

Notes
Turn   | Place    | Note
-------+----------+-------------------------------------------
     0 | D:1      | voltaire321 the Merfolk Brigand began the quest for the
                  | Orb.
     0 | D:1      | Reached XP level 1. HP: 16/16 MP: 1/1
    30 | D:1      | Found a faded altar of an unknown god.
   195 | D:1      | Reached XP level 2. HP: 20/23 MP: 2/2
  1042 | D:2      | Reached XP level 3. HP: 18/28 MP: 3/3
  1474 | D:1      | Reached XP level 4. HP: 22/34 MP: 4/4
  1918 | D:3      | Reached skill level 5 in Stealth
  2149 | D:3      | Reached XP level 5. HP: 39/41 MP: 5/5
  2269 | D:3      | You fall into a shaft and drop 3 floors!
  2277 | D:6      | Found Atoown's Magic Scroll Boutique.
  2284 | D:6      | Bought a scroll of teleportation for 33 gold pieces
  2412 | D:6      | Noticed a black bear
  2497 | D:6      | Found a glowing golden altar of the Shining One.
  2499 | D:6      | Found a blossoming altar of Fedhas.
  2504 | D:6      | Found an iron altar of Okawaru.
  2527 | D:6      | HP: 1/41 [black bear (3)]
  2528 | D:6      | Slain by a black bear

Illustrated notes

Levels and vault maps discovered:
D:1:      dpeg_arrival_short_road, layout_loops_ring,
          shapermc_ecumenical_altar_acropolis, minmay_door_square,
          serial_bayou_lake_a
D:2:      layout_basic, minmay_misc_feat_tiny
D:3:      layout_rooms, nicolae_gozag_seed_capital,
          mainiacjoe_overflow_cross_hatched, nicolae_grassy_gnolls, uniq_grinder
D:6:      layout_cave_pods, minitemple, serial_shops, nicolae_shop_trees

Skill      XL: |  1  2  3  4  5 |
---------------+----------------+-----
Dodging        | 2 3 |  3.3
Short Blades   | 3 |  3.7
Fighting       | 3 |  3.4
Stealth        | 5 |  5.2
Throwing       | 3 |  3.1
Armour         | |  0.5

Action                     |  1- 3 |  4- 6 || total
---------------------------+-------+-------++-------
  Melee: Dagger            |   118 |    87 ||   205
         Punch             |     2 |       ||     2
         Tailslap          |     3 |       ||     3
  Throw: Dart              |     4 |    42 ||    46
    Use: Scroll            |       |     4 ||     4
   Stab: Sleeping          |     5 |       ||     5
 Armour: Robe              |    25 |    17 ||    42
  Dodge: Dodged            |    62 |    62 ||   124

Table legend: (Time is in decaauts)
 A = Elapsed time spent in this place.
 B = Non-inter-level travel time spent in this place.
 C = Inter-level travel time spent in this place.
 D = Time resting spent in this place.
 E = Time spent auto-exploring this place.
 F = Levels seen in this place.
 G = Mean time per level.
                   A        B        C        D        E       F      G
               +--------+--------+--------+--------+--------+-----+--------+
         Total |   2457 |   2390 |     67 |    297 |   1356 |   4 |  614.2 |
       Dungeon |   2457 |   2390 |     67 |    297 |   1356 |   4 |  614.2 |
               +--------+--------+--------+--------+--------+-----+--------+

Top non-repeatable levels by time:
     D:2: 942 daAuts
     D:1: 902 daAuts
     D:3: 361 daAuts
     D:6: 250 daAuts
